 Dungeon Crawl Stone Soup version 0.26-b1-32-g5d43845318 (webtiles) character file.

Game seed: 3332119383087332770

114 MajorAdolf the Covert (level 4, 0/39 (42) HPs)
             Began as a Naga Delver on Jan 7, 2021.
             Slain by a wight
             ... wielding a cursed +0 falchion
              (5 damage)
             ... on level 6 of the Dungeon.
             The game lasted 00:01:40 (672 turns).

MajorAdolf the Covert (Naga Delver)                  Turns: 672, Time: 00:01:40

HP:   0/39 (42)     AC:  2    Str: 15    XL:     4   Next: 98%
MP:   4/4           EV:  9    Int: 10    God:
Gold: 11            SH:  0    Dex: 13    Spells: 3/3 levels left

rFire    . . .     SeeInvis +   a - +0 hand axe
rCold    . . .     Faith    .   (no shield)
rNeg     . . .     Spirit   .   b - +0 leather armour
rPois    +         Reflect  .   (no helmet)
rElec    .         Harm     .   (no cloak)
rCorr    .         Rampage  .   (no gloves)
Will     .....                  (no barding)
Stlth    ++++......             (no amulet)
HPRegen  0.13/turn              (no ring)
MPRegen  0.09/turn              (no ring)

@: drained, very slow
A: large, see invisible, deformed body, poison resistance, slowness 2, spit
poison 1, AC +1
a: Spit Poison


You were on level 6 of the Dungeon.
You visited 2 branches of the dungeon, and saw 3 of its levels.

You collected 11 gold pieces.

Inventory:

Hand Weapons
 a - a +0 hand axe (weapon)
 j - a +0 short sword of freezing
Armour
 b - a +0 leather armour (worn)
Jewellery
 k - a +6 ring of intelligence {unknown}
Wands
 g - a wand of digging (3)
Scrolls
 c - a scroll of fog
 d - a scroll of magic mapping
 e - a scroll of fear
 h - a scroll of teleportation {unknown}
 i - 3 scrolls of holy word {unknown}
Potions
 f - 3 potions of haste


   Skills:
 - Level 3.2 Fighting
 + Level 3.9 Axes
 - Level 0.2 Armour
 - Level 1.6 Dodging
 - Level 8.3 Stealth


You had 3 spell levels left.
You didn't know any spells.
Your spell library was empty.

Dungeon Overview and Level Annotations

Branches:
Dungeon (6/15)             Temple (1/1) D:5

Altars:
Ashenzari
Dithmenos
Elyvilon
Gozag
Hepliaklqana
Kikubaaqudgha
Makhleb
Nemelex Xobeh
Qazlal
Ru
Sif Muna
Vehumet
Wu Jian
Xom
Yredelemnul
Zin
The Shining One


Innate Abilities, Weirdness & Mutations

You cannot wear boots.
Your serpentine skin is tough. (AC +1)
You have supernaturally acute eyesight. (SInv)
Armour fits poorly on your strangely shaped body.
Your system is resistant to poisons. (rPois)
You cover ground very slowly.
You can spit poison.


Message History

The wight completely misses you.
You hit the wight.
The wight is severely damaged.
The wight barely misses you.
You closely miss the wight.
The wight is severely damaged.
The wight closely misses you.
You hit the wight but do no damage.
The wight is severely damaged.
The wight hits you with a cursed +0 falchion!
* * * LOW HITPOINT WARNING * * *
You feel drained.
* * * LOW HITPOINT WARNING * * *
You hit the wight but do no damage.
The wight is severely damaged.
The wight closely misses you.
You hit the wight but do no damage.
The wight is severely damaged.
The wight hits you with a cursed +0 falchion.
You die...

#....#.....###
####.#...#######
#.#.......)..
#.#..########
#.#..# #.#..#
#.#..# #.#..#
#@#..#######
#z#......... .#
#.#.######## #.#
#.#.# #.## #.#.#
#...
#.#.###########...
#.#....)..<...#...
#.##########......
#.# #..>...


You could see a wight.

Vanquished Creatures
  An ogre (D:6)
  A hound (D:6)
  An orc (D:6)
3 creatures vanquished.

Notes
Turn   | Place    | Note
-------+----------+-------------------------------------------
     0 | D:5      | MajorAdolf the Naga Delver began the quest for the Orb.
     0 | D:5      | Reached XP level 1. HP: 21/21 MP: 1/1
     0 | D:5      | Found a staircase to the Ecumenical Temple.
     5 | Temple   | Entered the Ecumenical Temple
   181 | D:6      | Noticed a hound
   187 | D:6      | Killed a hound
   188 | D:6      | Reached skill level 8 in Stealth
   188 | D:6      | Reached XP level 2. HP: 10/28 MP: 2/2
   188 | D:6      | Reached XP level 3. HP: 13/34 MP: 3/3
   263 | D:6      | Noticed an ogre
   386 | D:6      | Killed an ogre
   387 | D:6      | Reached XP level 4. HP: 42/42 MP: 4/4
   460 | D:6      | Found a shadowy altar of Dithmenos.
   672 | D:6      | Slain by a wight

Illustrated notes

Levels and vault maps discovered:
D:5:      layout_cave_pools, bloody_trog, minmay_temple_entry_from_below_a,
          serial_shops, shop, uniq_pikel
D:6:      layout_basic, nicolae_dithmenos_through_a_glass_darkly, uniq_duvessa
Temple:   minmay_crystal_spiral_temple

Skill      XL: |  1  2  3 |
---------------+----------+-----
Stealth        | 8 |  8.3
Axes           | 3 |  3.9
Fighting       | |  3.2
Armour         | |  0.2
Dodging        | |  1.6

Action                   |  1- 3 |  4- 6 || total
-------------------------+-------+-------++-------
Melee: Hand axe          |     9 |    11 ||    20
 Abil: Spit Poison       |     4 |     2 ||     6
Armor: Leather armour    |     2 |       ||     2
Dodge: Dodged            |     5 |     5 ||    10
